 Dungeon Crawl Stone Soup version 0.26-a0-1107-g6118521029 (webtiles) character file.

Game seed: 15101918822675269566

291 Dracia the Agent of Entropy (level 6, -4/70 HPs)
             Began as a Demonspawn Abyssal Knight on Dec 16, 2020.
             Was a Priest of Lugonu.
             Slain by a mummy (7 damage)
             ... in an ossuary.
             The game lasted 00:04:37 (3464 turns).

Dracia the Agent of Entropy (DsAK)                  Turns: 3464, Time: 00:04:37

Health: -4/70      AC: 23    Str: 14    XL:     6   Next: 10%
Magic:  9/9        EV:  2    Int: 13    God:    Lugonu [***...]
Gold:   161        SH:  4    Dex: 13    Spells: 5/5 levels left

rFire    . . .     SeeInvis .   a - +1 falchion
rCold    . . .     Faith    .   d - +0 buckler (curse)
rNeg     + + +     Spirit   .   (armour currently unavailable)
rPois    +         Reflect  .   (helmet currently unavailable)
rElec    .         Harm     .   (cloak currently unavailable)
rCorr    .         Rampage  .   (gloves currently unavailable)
Will     .....     NoTele   +   (boots currently unavailable)
Stlth    +.........             (no amulet)
HPRegen  0.21/turn              (no ring)
MPRegen  0.11/turn              (no ring)

@: brilliant, tree-form, very slightly contaminated, invisible
A: foul stench 1, miasma immunity
a: Depart the Abyss, Bend Space, Banish, Renounce Religion


You were in an ossuary.
You worshipped Lugonu.
Lugonu was most pleased with you.
You were a tree.
You visited 1 branch of the dungeon, and saw 4 of its levels.
You visited the Abyss 1 time.
You also visited: Ossuary.

You collected 161 gold pieces.


Innate Abilities, Weirdness & Mutations

You may emit foul miasma when damaged in melee.
You are immune to miasma.
((You are mostly covered in razor-sharp scales. (AC +2, Slay +2)))


   Skills:
 - Level 3.0 Fighting
 * Level 4.4 Long Blades
 - Level 1.7 Armour
 - Level 0.8 Dodging
 + Level 2.3 Shields
 + Level 4.7 Invocations


You had 5 spell levels left.
You didn't know any spells.
Your spell library was empty.

Inventory:

Hand Weapons
 a - a +1 falchion (weapon)
Missiles
 r - 13 poisoned darts
Armour
 b - a +0 leather armour (melded)
 c - a +0 helmet (melded)
 d - a cursed +0 buckler (worn)
Scrolls
 g - a scroll of blinking {unknown}
 h - a scroll of amnesia {unknown}
 i - 3 scrolls of enchant armour {unknown}
 k - 5 scrolls of identify {unknown}
 l - a scroll of teleportation {unknown}
 m - a scroll of random uselessness {unknown}
 n - a scroll of immolation {unknown}
 p - 3 scrolls of remove curse {unknown}
 s - 2 scrolls of noise {unknown}

Dungeon Overview and Level Annotations

Branches:
Dungeon (4/15)            Ossuary (1/1)
 Temple: D:4-7

Altars:
Elyvilon
Makhleb
Wu Jian

Annotations:
D:4 Grinder

##########
......M♣∩#
.......M.#
###+###..#
#..# #..#
#..# #..#
+..#


You could see 2 mummies.


Message History

You feel clever all of a sudden.
It was a potion of invisibility.
You fade into invisibility!
You are very lightly contaminated with residual magic.
You hit the mummy.
The mummy is moderately damaged.
The mummy closely misses you.
You barely miss the mummy.
The mummy is moderately damaged.
The mummy hits you.
* * * LOW HITPOINT WARNING * * *
You catch the helpless mummy completely off-guard!
You hit the mummy.
The mummy is moderately damaged.
You hit the mummy.
The mummy is moderately damaged.
The mummy hits you!
* * * LOW HITPOINT WARNING * * *
You hit the mummy.
The mummy is severely damaged.
Unknown command.
It was a potion of lignification.
You turn into a tree.
Your +0 helmet melds into your body.
Your +0 leather armour melds into your body.
Your roots penetrate the ground.
The mummy hits you but does no damage.
You catch the helpless mummy completely off-guard!
You hit the mummy.
The mummy is severely damaged.
The mummy hits you!
You die...

Skill      XL: |  1  2  3  4 |
---------------+-------------+-----
Long Blades    | 2 3 4 |  4.4
Invocations    | 3 4 |  4.7
Shields        | 1 2 |  2.3
Fighting       | |  3.0
Armour         | |  1.7
Dodging        | |  0.8

Action                   |  1- 3 |  4- 6 || total
-------------------------+-------+-------++-------
Melee: Falchion          |   150 |   114 ||   264
  Use: Potion            |       |     4 ||     4
       Scroll            |       |     1 ||     1
 Stab: Sleeping          |     1 |       ||     1
       Invisible         |       |     2 ||     2
Armor: Leather armour    |    66 |    38 ||   104
       Skin              |       |     1 ||     1
Dodge: Dodged            |   109 |    54 ||   163
Block: Buckler           |    26 |    24 ||    50
       Rpst.: Falchion   |    37 |    16 ||    53

Levels and vault maps discovered:
D:1:      dpeg_arrival_renting, layout_basic, minmay_cut_off
D:2:      layout_rooms, uniq_sigmund
D:3:      layout_loops_ring, grunt_temple_overflow_diamond, uniq_robin
D:4:      layout_basic, chequers_ossuary_entry_cave, cheibriados_altar_1,
          uniq_grinder
Ossuary:  ossuary_boxes_badplayer

Notes
Turn   | Place    | Note
-------+----------+-------------------------------------------
     0 | Abyss:1  | Dracia the Demonspawn Abyssal Knight began the quest for
                  | the Orb.
     0 | Abyss:1  | Reached XP level 1. HP: 18/18 MP: 2/2
    22 | D:1      | You pass through the gate.
    22 | D:1      | Escaped the Abyss
    58 | D:1      | Reached skill level 2 in Long Blades
   199 | D:1      | Gained mutation: You are immune to miasma. [demonic
                  | ancestry]
   199 | D:1      | Reached XP level 2. HP: 10/24 MP: 4/4
   519 | D:1      | Reached skill level 3 in Invocations
   730 | D:1      | Reached ** piety under Lugonu
   731 | D:1      | Gained mutation: You are partially covered in razor-sharp
                  | scales. (AC +1, Slay +1) [demonic ancestry]
   731 | D:1      | Reached XP level 3. HP: 27/29 MP: 5/5
  1346 | D:2      | Reached skill level 3 in Long Blades
  1572 | D:2      | Reached skill level 1 in Shields
  1708 | D:2      | Reached XP level 4. HP: 31/35 MP: 6/6
  1786 | D:2      | Noticed Sigmund
  1999 | D:2      | Killed Sigmund
  2000 | D:2      | Reached skill level 4 in Long Blades
  2000 | D:2      | Reached skill level 2 in Shields
  2000 | D:2      | Reached skill level 4 in Invocations
  2000 | D:2      | Gained mutation: You are mostly covered in razor-sharp
                  | scales. (AC +2, Slay +2) [demonic ancestry]
  2000 | D:2      | Reached XP level 5. HP: 19/41 MP: 6/8
  2726 | D:3      | Noticed Robin
  2730 | D:3      | Reached *** piety under Lugonu
  2750 | D:3      | Killed Robin
  2756 | D:3      | Gained mutation: You may emit foul miasma when damaged in
                  | melee. [demonic ancestry]
  2756 | D:3      | Reached XP level 6. HP: 29/47 MP: 9/9
  3107 | D:3      | Found a white marble altar of Elyvilon.
  3110 | D:3      | Found a burning altar of Makhleb.
  3113 | D:3      | Found an ornate altar of the Wu Jian Council.
  3419 | D:4      | Noticed Grinder
  3422 | D:4      | Paralysed by Grinder for 7 turns
  3431 | D:4      | Paralysed by Grinder for 4 turns
  3446 | D:4      | Found a sand-covered staircase.
  3454 | Ossuary  | Entered an ossuary
  3461 | Ossuary  | HP: 2/47 [mummy (15)]
  3464 | Ossuary  | Slain by a mummy

Vanquished Creatures
  Sigmund (D:2)
  Robin (D:3)
  2 adders
  3 oozes
  A worm (D:3)
  A dart slug (D:2)
  4 leopard geckos
  2 orcs
  A ball python (D:2)
  2 bats
  4 giant cockroaches
  13 goblins
  9 hobgoblins
  11 jackals
  2 quokkas
  3 frilled lizards
  7 kobolds
  9 rats
76 creatures vanquished.

Table legend: (Time is in decaauts)
 A = Elapsed time spent in this place.
 B = Non-inter-level travel time spent in this place.
 C = Inter-level travel time spent in this place.
 D = Time resting spent in this place.
 E = Time spent auto-exploring this place.
 F = Levels seen in this place.
 G = Mean time per level.
                   A        B        C        D        E       F      G
               +--------+--------+--------+--------+--------+-----+--------+
         Total |   3506 |   3446 |     60 |    762 |   2052 |   6 |  584.3 |
       Dungeon |   3473 |   3413 |     60 |    762 |   2043 |   4 |  868.2 |
         Abyss |     22 |     22 |      0 |      0 |      9 |   1 |   22.0 |
       Ossuary |     10 |     10 |      0 |      0 |      0 |   1 |   10.0 |
               +--------+--------+--------+--------+--------+-----+--------+

Top non-repeatable levels by time:
     D:1: 1431 daAuts
     D:2: 1035 daAuts
     D:3: 918 daAuts
     D:4: 88 daAuts
 Abyss:1: 22 daAuts
 Ossuary: 10 daAuts

Table legend:
 A = Non-vault XP
 B = Vault XP
 C = Vault XP percentage of total XP
 D = Non-vault monster count
 E = Vault monster count
 F = Vault count percentage of total count
                 A         B        C        D         E       F
            +---------+---------+-------+---------+---------+-------
      Total |     162 |     255 |  61.2 |      64 |      12 |  15.8
            +---------+---------+-------+---------+---------+-------
        D:1 |      58 |       5 |   7.9 |      32 |       3 |   8.6
        D:2 |      54 |     223 |  80.5 |      19 |       1 |   5.0
        D:3 |      45 |      27 |  37.5 |      11 |       8 |  42.1
        D:4 |       5 |       0 |   0.0 |       2 |       0 |   0.0
            +---------+---------+-------+---------+---------+-------
